 Dungeon Crawl Stone Soup version 0.29-a0-468-ge57f7f99b4 (webtiles) character file.

Game seed: 12576247014776986725

2 xian the Conjurer (level 1, -1/14 HPs)
             Began as a Draconian Conjurer on May 21, 2022.
             Slain by a kobold
             ... wielding a +0 short sword
              (4 damage)
             ... on level 1 of the Dungeon.
             The game lasted 00:00:40 (61 turns).

xian the Conjurer (Draconian Conjurer)                Turns: 61, Time: 00:00:40

Health: -1/14      AC:  4    Str:  9    XL:     1   Next: 25%
Magic:  1/3        EV: 12    Int: 18    God:
Gold:   0          SH:  0    Dex:  9    Spells: 3/4 levels left

rFire   . . .      SeeInvis .   b - +0 dagger
rCold   . . .      Faith    .   (no shield)
rNeg    . . .      Spirit   .   (body armour unavailable)
rPois   .          Reflect  .   (helmet restricted)
rElec   .          Harm     .   (no cloak)
rCorr   .          Rampage  .   (no gloves)
Will    .....                   (no boots)
Stlth   ++........              (no amulet)
HPRegen 0.04/turn               (no ring)
MPRegen 0.08/turn               (no ring)

@: no status effects
A: AC +4, unfitting armour, cold-blooded
a: no special abilities


You were on level 1 of the Dungeon.
You visited 1 branch of the dungeon, and saw 1 of its levels.

Inventory:

Hand Weapons
 b - a +0 dagger (weapon)
Potions
 a - a potion of magic


   Skills:
 + Level 1.7 Dodging
 + Level 1.7 Stealth
 + Level 2.0 Spellcasting
 + Level 4.1 Conjurations


You had 3 spell levels left.
You knew the following spells:

 Your Spells              Type           Power      Damage    Failure   Level
a - Magic Dart            Conj           64%        1d6       3%          1

Your spell library contained the following spells:

 Spells                   Type           Power      Damage    Failure   Level
 Searing Ray              Conj           32%        2d5       4%          2
 Dazzling Flash           Conj/Hex       18%        N/A       24%         3
 Fulminant Prism          Conj/Hex       4%         3d6       61%         4
 Iskenderun's Mystic Bla  Conj/Tloc      9%         2d4       61%         4


Dungeon Overview and Level Annotations

Branches:
Dungeon (1/15)

Altars:


Innate Abilities, Weirdness & Mutations

Your plain brown scales are hard. (AC +4)
You cannot fit into any form of body armour.
You are cold-blooded and may be slowed by cold attacks.


Message History

You hit the kobold but do no damage. The kobold hits you but does no damage.
You barely miss the kobold.
Your tail-slap misses the kobold.
The kobold closely misses you.
You barely miss the kobold.
The frilled lizard completely misses you.
The kobold hits you with a +0 short sword.
The kobold misses you.
The magic dart hits the kobold.
The kobold is heavily wounded.
The frilled lizard closely misses you. The kobold hits you but does no damage.
You hit the kobold.
The kobold is severely wounded.
The kobold hits you but does no damage. The frilled lizard barely misses you.
You closely miss the kobold.
The kobold is severely wounded.
The kobold hits you with a +0 short sword.
The frilled lizard misses you.
You hit the kobold but do no damage.
The kobold is severely wounded.
The frilled lizard bites you. The kobold hits you but does no damage.
You hit the kobold but do no damage.
The kobold is severely wounded.
The frilled lizard closely misses you. The kobold misses you.
You hit the kobold but do no damage.
The kobold is severely wounded.
The frilled lizard barely misses you. The kobold barely misses you.
You barely miss the kobold.
The kobold is severely wounded.
The frilled lizard bites you but does no damage.
The kobold hits you with a +0 short sword.
* * * LOW HITPOINT WARNING * * *
You closely miss the kobold.
The kobold is severely wounded.
The kobold closely misses you.
The frilled lizard bites you but does no damage.
You barely miss the kobold.
The kobold is severely wounded.
The frilled lizard barely misses you.
The kobold hits you with a +0 short sword.
You die...

# ###.# #.#.#.#
#.#.#...###
..#.......#
......>...# #
..........# #.
###......# #.#
##.....@..# ##
#.###.#...Kl..###
...
#.#.#####......#
#.# ##.##
##...###.#
#.###.#.###.#..#
# #.#.#.#.#.##..#
##.#.<.#.###..#
##(#.#.#†#.##..#
##.###.#.###.#".#


You could see a kobold and a frilled lizard.

Vanquished Creatures
  A hobgoblin (D:1)
  A kobold (D:1)
2 creatures vanquished.

Notes
Turn   | Place    | Note
-------+----------+-------------------------------------------
     0 | D:1      | xian the Draconian Conjurer began the quest for the Orb.
     0 | D:1      | Reached XP level 1. HP: 14/14 MP: 3/3
    61 | D:1      | Slain by a kobold

Illustrated notes

Levels and vault maps discovered:
D:1:      minmay_arrival_diagonal_passages, layout_basic,
          shapermc_ecumenical_altar_totnotflames, minmay_worlds_worst_comb

Action                   || total
-------------------------++-------
Melee: Dagger            ||    12
 Cast: Magic Dart        ||     6
Armor: Skin              ||     6
Dodge: Dodged            ||    15

Table legend: (Time is in decaauts)
 A = Elapsed time spent in this place.
 B = Non-inter-level travel time spent in this place.
 C = Inter-level travel time spent in this place.
 D = Time resting spent in this place.
 E = Time spent auto-exploring this place.
 F = Levels seen in this place.
 G = Mean time per level.
                   A        B        C        D        E       F      G
               +--------+--------+--------+--------+--------+-----+--------+
         Total |     60 |     60 |      0 |      0 |      3 |   1 |   60.0 |
       Dungeon |     60 |     60 |      0 |      0 |      3 |   1 |   60.0 |
               +--------+--------+--------+--------+--------+-----+--------+

Top non-repeatable levels by time:
     D:1: 60 daAuts
